 Dungeon Crawl Stone Soup version 0.29.1-1-gd02db6906a (webtiles) character file.

Game seed: 17770919751577020862

202 sentinel the Digger (level 6, -4/45 HPs)
             Began as a Meteoran Earth Elementalist on Sept 27, 2022.
             Was an Initiate of Cheibriados.
             Slain by a hornet (12 damage)
             ... while paralysed by a hornet
             ... on level 5 of the Dungeon.
             The game lasted 00:02:28 (335 turns).

sentinel the Digger (Meteoran Earth Elementalist)    Turns: 335, Time: 00:02:28

Health: -4/45      AC:  3    Str: 11    XL:     6   Next: 30%
Magic:  13/13      EV:  2    Int: 20    God:    Cheibriados [......]
Gold:   0          SH:  0    Dex: 15    Spells: 7/13 levels left

rFire   . . .      SeeInvis .   (no weapon)
rCold   . . .      Faith    .   (no shield)
rNeg    . . .      Spirit   .   a - +0 robe
rPois   .          Reflect  .   (no helmet)
rElec   .          Harm     .   (no cloak)
rCorr   .          Rampage  .   (no gloves)
Will    .....                   i - +0 pair of boots
Stlth   +.........              (no amulet)
HPRegen 0.15/turn               (no ring)
MPRegen 0.13/turn               (no ring)

@: paralysed, slowed, glowing, very slow
A: sense surroundings 1, otherworldly, glowing, explore regen
a: Renounce Religion


You were on level 5 of the Dungeon.
You worshipped Cheibriados.
Cheibriados was noncommittal.
You visited 1 branch of the dungeon, and saw 6 of its levels.

Inventory:

Armour
 a - a +0 robe (worn)
 i - a +0 pair of boots (worn)
Jewellery
 d - a ring of positive energy
Scrolls
 c - a scroll of enchant armour {unknown}
 g - a scroll of identify {unknown}
 h - a scroll of teleportation {unknown}
Potions
 e - a potion of might {unknown}
 f - a potion of lignification {unknown}
 j - 3 potions of curing {unknown}
 k - a potion of mutation {unknown}


   Skills:
 - Level 2.4 Dodging
 - Level 1.4 Stealth
 * Level 4.0 Spellcasting
 * Level 2.7 Conjurations
 - Level 1.2 Transmutations
 - Level 6.1 Earth Magic


You had 7 spell levels left.
You knew the following spells:

 Your Spells              Type           Power      Damage    Failure   Level
a - Sandblast             Erth           56%        2d13      1%          1
b - Stone Arrow           Conj/Erth      44%        3d9       6%          3
c - Passwall              Tmut/Erth      15%        N/A       4%          2

Your spell library contained the following spells:

 Spells                   Type           Power      Damage    Failure   Level
 Petrify                  Tmut/Erth      18%        N/A       28%         4


Dungeon Overview and Level Annotations

Branches:
Dungeon (6/15) Zot: 4915
 Temple: D:4-7

Altars:
Cheibriados
Gozag
Ru
Zin


Innate Abilities, Weirdness & Mutations

You passively map a small area around you.
You are easily found by Zot.
You glow in the dark.
You regain HP and MP as you explore.


Message History

Items here: $ ) ? †.
The floor.
Unknown command.
Press: ? - help, v - describe, . - travel, g - get item
Items here: $ ) ? †.
The floor.
Found a glowing silver altar of Zin.
g - a scroll labelled KUQOGRIRGHO
Things that are here:
a +2 falchion of holy wrath; 11 gold pieces; a dart slug corpse
There is an open door here.
Found 5 gold pieces.
Found a stone staircase leading down.
You hear the slow rusting of a distant drain.
There is a stone staircase leading down here.
You climb downwards.
You hear the hiss of flowing sand.
There is an entrance to an ossuary on this level.
Hurry and find it before the portal is buried!
Found a pair of boots and a scroll labelled NINEOS ISMUOLL.
Found a stone staircase leading down.
There is a stone staircase leading up here.
h - a scroll labelled NINEOS ISMUOLL
Casting: Sandblast (safe; 1% risk of failure)
Confirm with . or Enter, or press ? or * to list all spells.
Aiming: Passwall (safe; 5% risk of failure)
Press: ? - help, Dir - move target A rock wall.
You begin to meditate on the wall.
You continue meditating on the rock. x2
You finish merging with the rock.
You see here a +0 pair of boots.
You start putting on your armour.
You continue putting on your +0 pair of boots. x4
You finish putting on your +0 pair of boots.
There is a stone staircase leading down here.
You climb downwards.
The iguana hisses angrily.
Found 29 gold pieces.
There is a stone staircase leading up here.
The blast of sand hits the iguana.
The iguana is moderately wounded.
The jelly quivers.
The blast of sand hits the iguana!
You kill the iguana!
Cheibriados appreciates the change of pace.
Your Spellcasting skill increases to level 3!
Your Conjurations skill increases to level 1!
The blast of sand hits the jelly!
The jelly is heavily wounded.
The blast of sand hits the jelly!
You kill the jelly!
Cheibriados appreciates the change of pace.
You climb upwards.
You hear the hiss of flowing sand.
There is an entrance to an ossuary on this level.
Hurry and find it before the portal is buried!
There is a stone staircase leading down here.
A necrophage comes into view.
Found a blue potion.
The blast of sand hits the necrophage.
The necrophage is lightly damaged.
The blast of sand hits the necrophage!
The necrophage is severely damaged.
You miscast Sandblast.
You are very lightly contaminated with residual magic.
Nothing appears to happen.
The necrophage misses you.
The blast of sand hits the necrophage!!
You destroy the necrophage!
Cheibriados appreciates the change of pace.
Your Spellcasting skill increases to level 4!
Your Conjurations skill increases to level 2!
You have reached level 6!
You feel clever.
You hear the slow hiss of a very distant avalanche of sand.
Found a fuming red potion.
Casting: Sandblast (safe; 1% risk of failure)
Confirm with . or Enter, or press ? or * to list all spells.
Aiming: Passwall (safe; 4% risk of failure)
Press: ? - help, Dir - move target A rock wall.
Your magical contamination has completely faded away.
You begin to meditate on the wall.
You continue meditating on the rock. x2
You finish merging with the rock.
Found 26 gold pieces.
Found an escape hatch in the floor.
Found a dagger.
Found a stone staircase leading down.
j - a blue potion A worm comes into view.
The blast of sand hits the worm!
The worm is heavily wounded.
The blast of sand misses the worm.
The blast of sand hits the worm!
The worm is almost dead.
The blast of sand hits the worm!!
You kill the worm!
You can't see any susceptible monsters within range! (Use Z to cast anyway.)
You see here a worm corpse.
Found 2 blue potions.
k - a fuming red potion
j - 3 blue potions (gained 2)
Casting: Sandblast (safe; 1% risk of failure)
Confirm with . or Enter, or press ? or * to list all spells.
You don't know that spell.
Unknown command.
Unknown command.
Casting: Sandblast (safe; 1% risk of failure)
Confirm with . or Enter, or press ? or * to list all spells.
Aiming: Passwall (safe; 4% risk of failure)
Press: ? - help, Dir - move target A rock wall.
You begin to meditate on the wall.
You continue meditating on the rock. x2
You hear the slow hiss of a very distant avalanche of sand.
You finish merging with the rock.
A hornet comes into view.
There is an escape hatch in the floor here.
Casting: Passwall (safe; 4% risk of failure)
Confirm with . or Enter, or press ? or * to list all spells.
Aiming: Stone Arrow (dangerous; 6% risk of failure)
Press: ? - help, Shift-Dir - straight line, f - hornet
Aim: a hornet (57% to hit)
The stone arrow misses the hornet.
Casting: Stone Arrow (dangerous; 6% risk of failure)
Confirm with . or Enter, or press ? or * to list all spells.
Aiming: Stone Arrow (dangerous; 6% risk of failure)
Press: ? - help, Shift-Dir - straight line, f/p - hornet
Aim: a hornet (57% to hit)
The stone arrow hits the hornet!
The hornet is moderately wounded.
Casting: Stone Arrow (dangerous; 6% risk of failure)
Confirm with . or Enter, or press ? or * to list all spells.
Aiming: Stone Arrow (dangerous; 6% risk of failure)
Press: ? - help, Shift-Dir - straight line, f/p - hornet
Aim: a hornet (moderately wounded, 57% to hit)
The stone arrow hits the hornet!
The hornet is heavily wounded.
The hornet stings you!
You feel yourself slow down.
Casting: Stone Arrow (dangerous; 6% risk of failure)
Confirm with . or Enter, or press ? or * to list all spells.
Aiming: Stone Arrow (dangerous; 6% risk of failure)
Press: ? - help, Shift-Dir - straight line, f/p - hornet
Aim: a hornet (heavily wounded, 57% to hit)
The stone arrow misses the hornet.
The hornet stings you!
You feel as though you will be slow longer.
The hornet barely misses you. Magic courses through your body.
The hornet stings you!
* * * LOW HITPOINT WARNING * * *
You suddenly lose the ability to move!
The hornet stings you but does no damage.
The hornet stings you.
* * * LOW HITPOINT WARNING * * *
You feel as though you will be slow longer.
The hornet stings you!
You die...

############
#..........#
#..........#
#..........#
#..........#
####..##.### ,
#).†.###.# ,
#####.#### #.# *
#.@...######.##
#y##......##..#
*#.##$.....###.## ,
............#..####
##.##...............
... #......#.##.....
... #......#.##.....
*
##........#.##.....
##..$....#.##.....


You could see a hornet.

Vanquished Creatures
  A necrophage (D:5)
  A hound (D:4)
  A jelly (D:6)
  An iguana (D:6)
  4 gnolls (D:4)
  A worm (D:5)
  A dart slug (D:4)
  A bat (D:2)
  2 endoplasms (D:2)
  3 hobgoblins
  A ball python (D:3)
  2 frilled lizards (D:2)
19 creatures vanquished.

Vanquished Creatures (others)
  A plant (D:2)
1 creature vanquished.

Grand Total: 20 creatures vanquished

Notes
Turn   | Place    | Note
-------+----------+-------------------------------------------
     0 | D:1      | sentinel the Meteoran Earth Elementalist began the quest
                  | for the Orb.
     0 | D:1      | Reached XP level 1. HP: 14/14 MP: 5/5
    39 | D:2      | Reached skill level 4 in Earth Magic
    39 | D:2      | Reached XP level 2. HP: 20/20 MP: 6/6
   123 | D:4      | Reached XP level 3. HP: 26/26 MP: 4/8
   125 | D:4      | Reached skill level 5 in Earth Magic
   136 | D:4      | Reached XP level 4. HP: 15/33 MP: 0/9
   165 | D:4      | Learned a level 2 spell: Passwall
   169 | D:4      | Learned a level 3 spell: Stone Arrow
   187 | D:4      | Found a snail-covered altar of Cheibriados.
   187 | D:4      | Found an opulent altar of Gozag.
   191 | D:4      | Reached skill level 6 in Earth Magic
   197 | D:4      | Found a sacrificial altar of Ru.
   199 | D:4      | Became a worshipper of Cheibriados the Contemplative
   204 | D:4      | Reached XP level 5. HP: 38/38 MP: 6/10
   205 | D:4      | Found a glowing silver altar of Zin.
   243 | D:5      | Entered Level 5 of the Dungeon
   272 | D:6      | Reached skill level 1 in Conjurations
   279 | D:5      | Noticed a necrophage
   283 | D:5      | Killed a necrophage
   284 | D:5      | Reached XP level 6. HP: 45/45 MP: 5/13
   329 | D:5      | Noticed a hornet
   334 | D:5      | Paralysed by a hornet for 2 turns
   335 | D:5      | Slain by a hornet

Illustrated notes

Levels and vault maps discovered:
D:1:      dpeg_arrival_connections, layout_basic,
          hellmonk_ecumenical_altar_blasted, minmay_tromino_i4
D:2:      layout_basic, serial_bayou_pond_c, minmay_split_cup_large
D:3:      cheibrodos_helix_gallery, layout_basic, gammafunk_ghost_cemetery,
          uniq_sigmund, uniq_terence
D:4:      layout_rooms, mainiacjoe_overflow_paths,
          chequers_temple_overflow_minitemple, cheibrodos_sewer_entry_drain,
          kennysheep_generic_room_7
D:5:      layout_rooms, enter_ossuary_2
D:6:      lemuel_ratsnest, layout_rooms, minmay_temple_entry_slanted,
          nicolae_titane

Skill      XL: |  1  2  3  4  5 |
---------------+----------------+-----
Earth Magic    | 4 5 6 |  6.1
Spellcasting   | 4 |  4.0
Conjurations   | 2 |  2.7
Dodging        | |  2.4
Stealth        | |  1.4
Transmutations | |  1.2

Action                   |  1- 3 |  4- 6 || total
-------------------------+-------+-------++-------
Melee: Unarmed           |     1 |       ||     1
 Cast: Sandblast         |    19 |    17 ||    36
       Passwall          |       |     4 ||     4
       Stone Arrow       |       |     4 ||     4
  Use: Potion            |       |     1 ||     1
Armor: Robe              |       |     1 ||     1
Dodge: Dodged            |     2 |     3 ||     5
